 Dungeon Crawl Stone Soup version 0.18.1-50-g88ac8fd (console) character file.

7655 Kloppie the Spear-Bearer (level 11, -4/93 HPs)
             Began as a Merfolk Berserker on Oct 10, 2016.
             Was an Elder of Trog.
             Slain by Tagedieb's ghost (9 damage)
             ... on level 10 of the Dungeon.
             The game lasted 00:22:04 (10258 turns).

Kloppie the Spear-Bearer (Merfolk Berserker)       Turns: 10258, Time: 00:22:04

Health: -4/93      AC: 13    Str: 22    XL:     11   Next: 18%
Magic:  11/11      EV: 17    Int: 12    God:    Trog [****..]
Gold:   382        SH:  0    Dex: 17    Spells: 0 memorised, 10 levels left

rFire  . . .     SeeInvis +     a - +1 trident
rCold  . . .     Gourm    .     P - +0 swamp dragon armour
rNeg   . . .     Faith    .     (no shield)
rPois  +         Spirit   .     G - +1 helmet
rElec  .         Dismiss  .     E - +0 cloak
rCorr  +         Reflect  .     (no gloves)
SustAt .         Harm     .     M - +1 pair of boots
MR     .....                    (no amulet)
Stlth  ..........               o - ring of see invisible
                                m - ring of resist corrosion

@: confused, mighty, brilliant, very slightly contaminated, invisible, not
resistant to hostile enchantments, extremely unstealthy
A: change form in water, swift swim
a: Berserk, Trog's Hand, Brothers in Arms, Burn Spellbooks, Renounce Religion


You were on level 10 of the Dungeon.
You worshipped Trog.
Trog was greatly pleased with you.
You were very hungry.

You visited 1 branch of the dungeon, and saw 10 of its levels.
You also visited: Bailey.

You collected 382 gold pieces.

Inventory:

Hand Weapons
 a - a +1 trident (weapon)
 n - a +0 spear
Armour
 E - a +0 cloak (worn)
 G - a +1 helmet (worn)
 K - a +0 shield
 M - a +1 pair of boots (worn)
 P - a +0 swamp dragon armour (worn)
Jewellery
 m - a ring of resist corrosion (left hand)
 o - a ring of see invisible (right hand)
 q - an uncursed ring of ice
 v - an uncursed ring of stealth
Wands
 g - a wand of slowing (45/48)
 C - a wand of slowing (35/48)
 S - a wand of polymorph (12/24)
Scrolls
 b - a scroll of remove curse
 j - 6 scrolls of teleportation
 B - a scroll of magic mapping
 I - a scroll of recharging
 J - 4 scrolls of identify
Potions
 k - 2 potions of flight
 l - a potion of magic
 x - a potion of cure mutation
 z - a potion of mutation
 D - a potion of might
Books
 r - a book of Burglary

   Spells                             Type                      Level
   a - Swiftness                      Charms/Air                   2
   b - Passwall                       Transmutation/Earth          2
   c - Passage of Golubria            Translocation                4
   d - Lee's Rapid Deconstruction     Earth                        5
   e - Darkness                       Hexes                        6
   f - Invisibility                   Hexes                        6
   Trog disapproves of the use of such an item.
 y - Kikubaaqudgha's Collected Works on Sinister Magic
   (You found it on level 5 of the Dungeon)

   Spells                             Type                      Level
   a - Animate Skeleton               Necromancy                   1
   Trog disapproves of the use of such an item.
 H - a Young Poisoner's Handbook

   Spells                             Type                      Level
   a - Sting                          Conjuration/Poison           1
   b - Cure Poison                    Poison                       2
   c - Mephitic Cloud                 Conjuration/Poison/Air       3
   d - Olgreb's Toxic Radiance        Poison                       4
   e - Venom Bolt                     Conjuration/Poison           5
   Trog disapproves of the use of such an item.
 O - a book of Conjurations

   Spells                             Type                      Level
   a - Magic Dart                     Conjuration                  1
   b - Searing Ray                    Conjuration                  2
   c - Dazzling Spray                 Conjuration/Hexes            3
   d - Fulminant Prism                Conjuration/Hexes            4
   e - Iskenderun's Mystic Blast      Conjuration                  4
   f - Iskenderun's Battlesphere      Conjuration/Charms           5
   Trog disapproves of the use of such an item.
 Q - a book of Burglary

   Spells                             Type                      Level
   a - Swiftness                      Charms/Air                   2
   b - Passwall                       Transmutation/Earth          2
   c - Passage of Golubria            Translocation                4
   d - Lee's Rapid Deconstruction     Earth                        5
   e - Darkness                       Hexes                        6
   f - Invisibility                   Hexes                        6
   Trog disapproves of the use of such an item.
Comestibles
 c - 4 bread rations
 d - 3 chunks of flesh
 f - a meat ration
 h - 3 beef jerkies
 t - 5 royal jellies
 u - a slice of pizza
 A - 2 fruits


   Skills:
 - Level 11.0 Fighting
 - Level 14.6 Polearms
 + Level 4.0 Armour
 - Level 8.4 Dodging
 + Level 4.4 Shields


You had 10 spell levels left.
You didn't know any spells.

Dungeon Overview and Level Annotations

Branches:
Dungeon (10/15)            Temple (0/1) D:4             Orc (0/2) D:9
   Lair: D:8-11

Altars:
Ashenzari
Cheibriados
Dithmenos
Elyvilon
Kikubaaqudgha
Makhleb
Nemelex Xobeh
Okawaru
Pakellas
Qazlal
Sif Muna
Vehumet
Xom
Yredelemnul
The Shining One

Shops:
D:4 =   D:6 }

Annotations:
D:10 Tagedieb's ghost, journeyman OpEn


Message History

Are you sure you want to stumble around while confused and next to your ogre?
Okay, then.
The quasit gives a chilling moan.
Tagedieb's ghost hits you.
* * * LOW HITPOINT WARNING * * *
x2 Tagedieb's ghost stares at you and mumbles some strange words.
You resist with significant effort.
The hound stops to sniff the ground.
Tagedieb's ghost stares at your ogre and mumbles some strange words.
You resist with significant effort. Tagedieb's ghost completely misses you.
You feel less confused. Tagedieb's ghost casts a spell at you.
You are confused.
Your ogre rages.
The howler monkey hoots and howls with incredible vigour!
Tagedieb's ghost hits you.
* * * LOW HITPOINT WARNING * * *
x2 Tagedieb's ghost hits you!
You die...

###############
#.5hhh5hW@O...#
#.###########.#
#######.####### #.
#...)#)Wh.....# #.#
#....))hh.###.# #.#
#....#.5#h###.#####.##
#....#..#............######
######.h..................#
#..#.#.#.............#


You could see a howler monkey, 3 hounds, a quasit, Tagedieb's ghost, a shadow
imp and a friendly ogre (berserk).

Vanquished Creatures
  Erica (D:7)
  A queen bee (D:8)
  Prince Ribbit (D:8)
  A steam dragon (D:9)
  A hungry ghost (D:8)
  2 hippogriffs (D:8)
  3 wargs (D:9)
  An orc warrior (D:10)
  2 black bears
  2 sky beasts
  A phantom (D:6)
  3 ice beasts
  3 ogres
  A necrophage (D:8)
  6 centaurs
  A big kobold (D:9)
  3 giant frogs
  A gnoll sergeant (D:7)
  A wyvern skeleton (D:8)
  8 scorpions
  7 wights
  30 killer bees
  2 howler monkeys
  2 electric eels
  7 crimson imps
  A centaur zombie (D:5)
  A giant frog zombie (D:8)
  A jelly (D:7)
  6 orc priests
  5 hounds
  Crazy Yiuf (D:5)
  4 orc wizards
  A centaur skeleton (D:9)
  2 giant frog skeletons
  2 iguanas
  9 worker ants
  2 hound zombies
  A hound skeleton (D:9)
  5 gnolls (D:7)
  A howler monkey skeleton (D:6)
  15 adders
  3 shadow imps
  An ooze (D:3)
  3 worms (D:2)
  4 dart slugs
  6 giant geckos
  48 orcs
  2 giant cockroaches
  6 goblins
  9 hobgoblins
  5 jackals
  6 quokkas
  4 bats
  A giant gecko skeleton (D:7)
  6 giant newts
  2 goblin skeletons (D:8)
  A goblin zombie (D:8)
  2 hobgoblin zombies (D:8)
  11 kobolds
  2 orc skeletons (D:8)
  An orc zombie (D:8)
  2 quokka zombies
  8 rats
281 creatures vanquished.

Vanquished Creatures (others)
  A killer bee (D:8)
  A bush (D:8)
  2 plants (D:9)
4 creatures vanquished.

Grand Total: 285 creatures vanquished

Notes
Turn   | Place    | Note
--------------------------------------------------------------
     0 | D:1      | Kloppie the Merfolk Berserker began the quest for the Orb.
     0 | D:1      | Reached XP level 1. HP: 18/18 MP: 1/1
   186 | D:1      | Reached XP level 2. HP: 19/24 MP: 2/2
   226 | D:1      | Reached skill level 5 in Polearms
   828 | D:2      | Reached ** piety under Trog
   828 | D:2      | Reached XP level 3. HP: 30/30 MP: 3/3
  1298 | D:2      | Reached XP level 4. HP: 31/37 MP: 4/4
  1316 | D:2      | Reached skill level 6 in Polearms
  1775 | D:3      | Found a stormy altar of Qazlal.
  2083 | D:3      | Reached *** piety under Trog
  2101 | D:3      | Reached skill level 5 in Fighting
  2101 | D:3      | Reached XP level 5. HP: 44/44 MP: 5/5
  2609 | D:4      | Reached skill level 7 in Polearms
  2609 | D:4      | Reached XP level 6. HP: 51/51 MP: 6/6
  2798 | D:4      | Received a gift from Trog
  3091 | D:4      | Found a staircase to the Ecumenical Temple.
  3208 | D:4      | Reached skill level 8 in Polearms
  3221 | D:4      | Found Zarugun's Jewellery Shop.
  3336 | D:4      | You fall through a shaft for 2 floors!
  3409 | D:6      | Noticed a phantom
  3437 | D:6      | Killed a phantom
  3437 | D:6      | Reached XP level 7. HP: 24/56 MP: 7/7
  3546 | D:6      | Got a spiked scale mail
  3559 | D:6      | Identified the cursed +1 scale mail of the Five Moons {rPois Int+7 Dex-3} (You found it on level 6 of the Dungeon)
  3672 | D:6      | Reached **** piety under Trog
  3720 | D:6      | Reached skill level 9 in Polearms
  3748 | D:6      | Found a basalt altar of Yredelemnul.
  3795 | D:6      | Reached skill level 5 in Dodging
  4039 | D:6      | Found a white marble altar of Elyvilon.
  4086 | D:5      | Entered Level 5 of the Dungeon
  4209 | D:5      | Reached XP level 8. HP: 62/62 MP: 8/8
  4233 | D:5      | Reached skill level 10 in Polearms
  4279 | D:5      | Found a sparkling altar of Nemelex Xobeh.
  4308 | D:5      | Found an ancient bone altar of Kikubaaqudgha.
  4308 | D:5      | Found a deep blue altar of Sif Muna.
  4323 | D:5      | Found a radiant altar of Vehumet.
  4326 | D:5      | Identified Kikubaaqudgha's Collected Works on Sinister Magic
  4518 | D:5      | Noticed Crazy Yiuf
  4522 | D:5      | Killed Crazy Yiuf
  4853 | D:6      | Found a shattered altar of Ashenzari.
  4931 | D:6      | Found an iron altar of Okawaru.
  4931 | D:6      | Found a shadowy altar of Dithmenos.
  5195 | D:6      | Found Cacom's Gadget Shop.
  5286 | D:7      | Reached skill level 11 in Polearms
  5599 | D:7      | Found a shimmering altar of Xom.
  5701 | D:7      | Reached XP level 9. HP: 68/70 MP: 9/9
  5767 | D:7      | Reached skill level 12 in Polearms
  5840 | D:7      | Found a snail-covered altar of Cheibriados.
  6430 | D:7      | Reached ***** piety under Trog
  6586 | D:7      | Found an oddly glowing altar of Pakellas.
  6632 | D:7      | Reached skill level 13 in Polearms
  6647 | D:8      | Noticed Erica
  6665 | D:7      | Killed Erica
  6665 | D:7      | Reached XP level 10. HP: 64/83 MP: 10/10
  6762 | D:8      | Reached skill level 14 in Polearms
  6769 | D:8      | Noticed Prince Ribbit
  6783 | D:8      | Killed Prince Ribbit
  6806 | D:8      | Found a flagged portal.
  6815 | Bailey   | Entered a bailey
  6816 | Bailey   | Noticed an orc knight
  6816 | Bailey   | Noticed an orc knight
  6819 | Bailey   | Noticed an orc knight
  7604 | D:8      | Reached skill level 10 in Fighting
  8108 | D:8      | Found a glowing golden altar of the Shining One.
  8109 | D:8      | Received a gift from Trog
  8596 | D:8      | Reached skill level 1 in Shields
  9090 | D:9      | Noticed an orange demon
  9090 | D:9      | Noticed an orange demon
  9142 | D:9      | Found a burning altar of Makhleb.
  9142 | D:9      | Noticed a hell beast
  9145 | D:9      | Noticed a hell beast
  9250 | D:9      | Found a staircase to the Orcish Mines.
  9270 | D:9      | Reached XP level 11. HP: 93/93 MP: 11/11
  9953 | D:10     | Entered Level 10 of the Dungeon
 10104 | D:10     | Noticed Tagedieb's ghost (journeyman OpEn)
 10258 | D:10     | Slain by Tagedieb's ghost

Skill      XL: |  1  2  3  4  5  6  7  8  9 10 11 |
---------------+----------------------------------+-----
Polearms       | 5 6 7 8 9 11 13 14 | 14.6
Fighting       | 4 5 6 9 11 | 11.0
Armour         | 2 3 4 |  4.0
Dodging        | 3 5 7 8 |  8.4
Shields        | 3 4 |  4.4

Action                   |  1- 3 |  4- 6 |  7- 9 | 10-12 || total
-------------------------+-------+-------+-------+-------++-------
Melee: Spear             |   136 |   168 |       |       ||   304
       Trident           |       |    90 |   504 |   634 ||  1228
Invok: Berserk           |     1 |     5 |     6 |     8 ||    20
       Trog's Hand       |       |     1 |     3 |     6 ||    10
       Brothers in Arms  |       |       |       |     1 ||     1
  Use: Scroll            |       |    12 |     8 |     7 ||    27
       Potion            |       |       |     2 |     8 ||    10
 Stab: Sleeping          |     2 |     3 |       |       ||     5
       Distracted        |       |     2 |       |     1 ||     3
  Eat: Chunk             |     2 |    12 |    17 |    15 ||    46
       Royal jelly       |       |       |       |     2 ||     2
       Meat ration       |       |       |       |     1 ||     1
       Fruit             |       |       |       |     1 ||     1
Armor: Animal skin       |    12 |    10 |       |       ||    22
       Ring mail         |       |    19 |       |       ||    19
       Scale mail        |       |     8 |   135 |   128 ||   271
       Skin              |       |       |       |    72 ||    72
       Swamp dragon armo |       |       |       |    22 ||    22
Dodge: Dodged            |    52 |    93 |   240 |   377 ||   762
